 Dungeon Crawl Stone Soup version 0.28.0 (webtiles) character file.

Game seed: 3571010527161766679

130 BeingJoeMalik the Cudgeller (level 5, 0/28 (32) HPs)
             Began as a Tengu Fighter on Feb 15, 2022.
             Succumbed to Crazy Yiuf's poison
             ... on level 3 of the Dungeon.
             The game lasted 00:04:48 (2710 turns).

BeingJoeMalik the Cudgeller (Tengu Fighter)         Turns: 2710, Time: 00:04:49

HP:   0/28 (32)     AC:  6    Str: 16    XL:     5   Next: 14%
MP:   4/6           EV: 10    Int:  9    God:
Gold: 116           SH:  5    Dex: 15    Spells: 4/4 levels left

rFire   . . .      SeeInvis .   a - +0 flail
rCold   . . .      Faith    .   c - +0 buckler
rNeg    . . .      Spirit   .   b - +0 scale mail
rPois   .          Reflect  .   (helmet restricted)
rElec   .          Harm     .   h - scarf {+Inv}
rCorr   .          Rampage  .   (no gloves)
Will    .....                   (boots unavailable)
Stlth   ..........              (no amulet)
HPRegen 0.09/turn               (no ring)
MPRegen 0.10/turn               (no ring)

@: lethally poisoned (0 -> -13), flying quickly and evasively, very slightly
contaminated, heavily drained, invisible, quick
A: beak, talons 3, nimble flight
a: Evoke Invisibility


You were on level 3 of the Dungeon.
You visited 1 branch of the dungeon, and saw 3 of its levels.

You collected 116 gold pieces.

Inventory:

Hand Weapons
 a - a +0 flail (weapon)
Armour
 b - a +0 scale mail (worn)
 c - a +0 buckler (worn)
 h - a scarf of invisibility (worn)
Scrolls
 f - a scroll of blinking {unknown}
 g - a scroll of vulnerability {unknown}
 i - a scroll of enchant armour {unknown}
Potions
 d - 3 potions of might
 e - 2 potions of curing {unknown}
 j - a potion of invisibility {unknown}
 k - a potion of heal wounds {unknown}


   Skills:
 + Level 3.0 Fighting
 * Level 5.6 Maces & Flails
 - Level 3.2 Armour
 - Level 3.0 Shields


You had 4 spell levels left.
You didn't know any spells.
Your spell library contained the following spells:

 Spells                   Type           Power      Damage    Failure   Level
 Static Discharge         Conj/Air       0%         N/A       96%         2
 Gell's Gravitas          Tloc           0%         N/A       99%         3
 Lesser Beckoning         Tloc           0%         N/A       99%         3
 Teleport Other           Tloc           0%         N/A       99%         3
 Dispel Undead            Necr           0%         3d6       100%        4
 Sticky Flame             Conj/Fire      0%         2d3       100%        4


Dungeon Overview and Level Annotations

Branches:
Dungeon (3/15)

Altars:

Annotations:
D:3 Crazy Yiuf


Innate Abilities, Weirdness & Mutations

You have a beak for a mouth.
You have claws for feet.
Your magical nature lets you fly swiftly and evasively.


Message History

The bat is moderately wounded.
The bat hits you but does no damage. x2
You barely miss the bat.
The bat is moderately wounded.
You block the bat's attack. The bat hits you but does no damage.
You hit the bat but do no damage. You claw the bat, but do no damage.
You peck the bat.
You kill the bat!
There is an open door here.
Found a mace.
Found a runed translucent door.
Crazy Yiuf shouts!
Press: ? - help, v - describe, . - travel
Here: Crazy Yiuf, wielding a +4 quarterstaff of chaos and wearing a +2 cloak of stealth (fire blocked by a runed translucent door)
The floor.
Unknown command.
Unknown command.
Okay, then.
You feel drained.
You fade into invisibility!
You are very lightly contaminated with residual magic.
You reach down and open the door.
You strike the helpless Crazy Yiuf from behind!
You hit Crazy Yiuf but do no damage.
Crazy Yiuf hits you with a +4 quarterstaff of chaos!
You are lethally poisoned!
You hit Crazy Yiuf.
Crazy Yiuf is lightly wounded.
You feel very sick. Crazy Yiuf barely misses you.
You catch the helpless Crazy Yiuf completely off-guard!
You hit Crazy Yiuf but do no damage. Your kick misses Crazy Yiuf.
Crazy Yiuf is lightly wounded.
* * * LOW HITPOINT WARNING * * *
You feel very sick.
Crazy Yiuf hits you with a +4 quarterstaff of chaos.
* * * LOW HITPOINT WARNING * * *
Unknown command.
Unknown command.
Okay, then.
You die...

...#
#..)..#.####..........
#### #.....#.#
###........ #
#.....#.# #........
#.....#.# #........
######### #........
#........ ###♣♣♣♣♣
#........ ##..P.♣.♣♣♣
### ######..#
##......♣.@♣#...# #..#
#....PP♣♣♣♣.g...# #..#
#.....♣♣ ♣♣#..)# #..#
#.###♣♣ ### #..# #.##
######..# #..#
#......)) ##.#
##############..# #.#
#..#.............
########.##
#..#.#####.......


You could see Crazy Yiuf.

Vanquished Creatures
  Terence (D:2)
  3 adders
  A dart slug (D:1)
  10 orcs (D:3)
  7 endoplasms
  A giant cockroach (D:1)
  6 goblins
  4 hobgoblins
  3 jackals (D:1)
  4 quokkas
  4 ball pythons
  8 bats
  4 kobolds
  6 rats
62 creatures vanquished.

Vanquished Creatures (others)
  A plant (D:2)
1 creature vanquished.

Grand Total: 63 creatures vanquished

Notes
Turn   | Place    | Note
-------+----------+-------------------------------------------
     0 | D:1      | BeingJoeMalik the Tengu Fighter began the quest for the
                  | Orb.
     0 | D:1      | Reached XP level 1. HP: 14/14 MP: 2/2
   151 | D:1      | Reached skill level 3 in Maces & Flails
   151 | D:1      | Reached XP level 2. HP: 19/19 MP: 3/3
   332 | D:1      | Reached XP level 3. HP: 22/23 MP: 4/4
   619 | D:2      | Found a faded altar of an unknown god.
   620 | D:2      | Noticed a shining eye
   621 | D:2      | Noticed an eye of devastation
   622 | D:2      | Noticed a golden eye
   622 | D:2      | Noticed a floating eye
   622 | D:2      | Noticed Terence
   637 | D:2      | Killed Terence
   638 | D:2      | Reached skill level 4 in Maces & Flails
   708 | D:2      | Reached XP level 4. HP: 26/28 MP: 5/5
  1801 | D:3      | Reached skill level 5 in Maces & Flails
  2100 | D:3      | Gained mutation: Your magical nature lets you fly swiftly
                  | and evasively. [Tengu growth]
  2100 | D:3      | Reached XP level 5. HP: 20/32 MP: 6/6
  2701 | D:3      | Found a runed translucent door.
  2702 | D:3      | Noticed Crazy Yiuf
  2710 | D:3      | Succumbed to Crazy Yiuf's poison

Illustrated notes

Levels and vault maps discovered:
D:1:      eino_arrival_water_cross, layout_rooms, st_stairs_8
D:2:      minmay_angry_zag, layout_basic, serial_bayou, serial_bayou_shore_a,
          serial_bayou_shore_b, serial_bayou_pond_a, serial_bayou_pond_d,
          serial_bayou_shore_b, hellmonk_ecumenical_altar_watching_god,
          uniq_terence
D:3:      layout_basic, uniq_crazy_yiuf_cottage

Skill      XL: |  1  2  3  4 |
---------------+-------------+-----
Maces & Flails | 3 4 5 |  5.6
Fighting       | |  3.0
Armour         | |  3.2
Shields        | |  3.0

Action                   |  1- 3 |  4- 6 || total
-------------------------+-------+-------++-------
Melee: Flail             |    56 |    84 ||   140
       Kick              |    14 |    23 ||    37
       Peck              |     8 |    13 ||    21
 Abil: Evoke Invisibilit |       |     1 ||     1
 Stab: Invisible         |       |     2 ||     2
Armor: Scale mail        |    26 |    30 ||    56
Dodge: Dodged            |    19 |    29 ||    48
Block: Buckler           |     8 |    12 ||    20
